 Dungeon Crawl Stone Soup version 0.28-a0-512-g960c72b710 (webtiles) character file.

Game seed: 13985256182661712429

99 Lekart the Sneak (level 4, 0/34 HPs)
             Began as a Draconian Enchanter on Sept 22, 2021.
             Slain by a gnoll (12 damage)
             ... on level 3 of the Dungeon.
             The game lasted 00:03:11 (2797 turns).

Lekart the Sneak (Draconian Enchanter)              Turns: 2797, Time: 00:03:12

Health: 0/34       AC:  5    Str: 10    XL:     4   Next: 45%
Magic:  7/7        EV: 12    Int: 16    God:
Gold:   81         SH:  0    Dex: 12    Spells: 5/7 levels left

rFire   . . .      SeeInvis .   i - +0 arbalest
rCold   . . .      Faith    .   (shield currently unavailable)
rNeg    . . .      Spirit   .   (armour unavailable)
rPois   .          Reflect  .   (helmet restricted)
rElec   .          Harm     .   (no cloak)
rCorr   .          Rampage  .   (no gloves)
Will    .....                   (no boots)
Stlth   ++........              (no amulet)
HPRegen 0.11/turn               (no ring)
MPRegen 0.10/turn               (no ring)

@: no status effects
A: AC +5, unfitting armour, cold-blooded
a: no special abilities


You were on level 3 of the Dungeon.
You visited 1 branch of the dungeon, and saw 3 of its levels.

You collected 81 gold pieces.

Inventory:

Hand Weapons
 a - a +1 dagger
 i - a +0 arbalest (weapon)
Missiles
 h - 6 bolts (quivered ammo)
Scrolls
 c - 2 scrolls of identify {unknown}
 d - a scroll of teleportation {unknown}
 e - a scroll of magic mapping {unknown}
 g - a scroll of holy word {unknown}
Potions
 b - a potion of invisibility
 f - a potion of berserk rage {unknown}


   Skills:
 + Level 0.7 Fighting
 + Level 2.0 Short Blades
 + Level 0.2 Crossbows
 + Level 2.3 Dodging
 + Level 3.4 Stealth
 + Level 2.3 Spellcasting
 + Level 3.2 Hexes
 + Level 0.2 Ice Magic


You had 5 spell levels left.
You knew the following spells:

 Your Spells              Type           Power      Damage    Failure   Level
a - Ensorcelled Hibernat  Hex/Ice        14%        N/A       16%         2

Your spell library contained the following spells:

 Spells                   Type           Power      Damage    Failure   Level
 Confusing Touch          Hex            12%        N/A       16%         3
 Tukima's Dance           Hex            12%        N/A       16%         3
 Dazzling Flash           Conj/Hex       14%        N/A       30%         3
 Gell's Gravitas          Tloc           0%         N/A       52%         3
 Lesser Beckoning         Tloc           1%         N/A       52%         3
 Teleport Other           Tloc           1%         N/A       52%         3


Dungeon Overview and Level Annotations

Branches:
Dungeon (3/15)

Altars:


Innate Abilities, Weirdness & Mutations

Your plain brown scales are hard. (AC +5)
You cannot fit into any form of body armour.
You are cold-blooded and may be slowed by cold attacks.


Message History

You see here a +0 robe.
Found 25 arrows.
A gnoll comes into view. It is wielding a +0 club.
You shoot a bolt.
The bolt hits the gnoll but does no damage.
The gnoll shouts!
You hear a shout!
You shoot a bolt. The bolt closely misses the gnoll.
A gnoll comes into view. It is wielding a +0 whip.
There are monsters nearby!
You shoot a bolt. The bolt completely misses the gnoll.
The bolt closely misses the gnoll.
You shoot a bolt.
The bolt hits the gnoll but does no damage.
The gnoll closely misses you. The gnoll barely misses you.
You shoot a bolt. The bolt hits the gnoll!
The gnoll is severely wounded.
The gnoll misses you.
A gnoll comes into view. It is wielding a +0 halberd.
You shoot a bolt. The bolt hits the gnoll!
The gnoll is severely wounded.
An adder comes into view.
The gnoll barely misses you. The gnoll hits you with a +0 whip.
You shoot a bolt. The bolt barely misses the gnoll.
The adder hisses angrily.
The bolt hits the gnoll!
You kill the gnoll!
The gnoll hits you with a +0 whip.
Your Short Blades skill increases to level 2!
You shoot a bolt. The bolt closely misses the gnoll.
The bolt hits the gnoll.
The gnoll is heavily wounded.
The gnoll hits you with a +0 whip! The gnoll hits you with a +0 whip.
The gnoll closely misses you.
You shoot a bolt. The bolt closely misses the gnoll.
The bolt hits the gnoll.
The gnoll is almost dead.
The gnoll barely misses you. The gnoll closely misses you.
The gnoll misses you. The gnoll barely misses you.
You shoot a bolt. The bolt closely misses the gnoll.
The bolt barely misses the gnoll.
The gnoll hits you with a +0 whip!
The gnoll hits you from afar with a +0 halberd!
You die...

##.....## ##...#.###
##...## #..#[....#
######.########....#.#.#
...................#.#.#
......>..########..#.#.##
#####....# #..#.#...
#####..#.# ##......#
.......#.#. #.S..#..#
#####..#.#P# #@#....##
.......#.#P# #g#.#.##
###..#.# .g....# #
#.(#... ##(#(### #
#..#.#.# ....# # #..#...#
..#.# . ...... # ..#.#
##..#### #.(# #..#


You could see 2 gnolls and an adder.

Vanquished Creatures
  Natasha (D:3)
  An adder (D:2)
  A gnoll (D:3)
  A white imp (D:3)
  2 worms (D:2)
  5 orcs (D:3)
  5 bats
  3 endoplasms
  2 giant cockroaches
  A goblin (D:1)
  A jackal (D:1)
  A quokka (D:1)
  5 ball pythons
  3 frilled lizards
  5 kobolds
  4 rats
41 creatures vanquished.

Vanquished Creatures (others)
  5 plants (D:3)
5 creatures vanquished.

Grand Total: 46 creatures vanquished

Notes
Turn   | Place    | Note
-------+----------+-------------------------------------------
     0 | D:1      | Lekart the Draconian Enchanter began the quest for the Orb.
     0 | D:1      | Reached XP level 1. HP: 14/14 MP: 3/3
   280 | D:1      | Found a faded altar of an unknown god.
   453 | D:1      | Reached XP level 2. HP: 20/20 MP: 5/5
  1181 | D:2      | Reached XP level 3. HP: 26/26 MP: 6/6
  1897 | D:1      | Learned a level 2 spell: Ensorcelled Hibernation
  2441 | D:3      | Noticed Natasha
  2459 | D:3      | Killed Natasha
  2460 | D:3      | Reached XP level 4. HP: 21/34 MP: 1/7
  2797 | D:3      | Slain by a gnoll

Illustrated notes

Levels and vault maps discovered:
D:1:      denvon_arrival_planthouse, layout_loops_corners,
          dreamdust_ecumenical_altar_statues, st_stairs_8,
          minmay_misc_feat_tower
D:2:      layout_rooms, serial_co_window_serial, co_window_corner_a,
          co_window_corner_a, co_window_paths_a, co_window_paths_b,
          co_window_of_opportunity_a, co_window_broadway_b,
          co_window_broadway_a, co_window_corner_b, co_window_2corner,
          glass_columns_c, glass_columns_a, minmay_crystal_water,
          minmay_hexomino_c4
D:3:      layout_loops_ring, fedhas_ov_isle_minmay, serial_shops,
          nicolae_diamond_shop, serial_aquarium, aquarium_bridge_island_large
          [aquarium_subvault_large_1_pool, aquarium_subvault_bridge,
          aquarium_subvault_window, aquarium_subvault_window,
          aquarium_subvault_window], aquarium_window_2, aquarium_window_2,
          aquarium_window_1, aquarium_window_double, aquarium_view_2b,
          aquarium_view_4, serial_bayou_ford_a, uniq_natasha

Skill      XL: |  1  2  3  4 |
---------------+-------------+-----
Hexes          | 3 |  3.2
Dodging        | 2 |  2.3
Stealth        | 3 |  3.4
Short Blades   | 2 |  2.0
Fighting       | |  0.7
Crossbows      | |  0.2
Spellcasting   | |  2.3
Ice Magic      | |  0.2

Action                   |  1- 3 |  4- 6 || total
-------------------------+-------+-------++-------
Melee: Dagger            |   122 |       ||   122
       Tailslap          |    11 |       ||    11
 Fire: Arbalest          |       |    23 ||    23
 Cast: Ensorcelled Hiber |     6 |       ||     6
 Stab: Sleeping          |    12 |       ||    12
Armor: Skin              |    35 |       ||    35
Dodge: Dodged            |    63 |    10 ||    73

Table legend: (Time is in decaauts)
 A = Elapsed time spent in this place.
 B = Non-inter-level travel time spent in this place.
 C = Inter-level travel time spent in this place.
 D = Time resting spent in this place.
 E = Time spent auto-exploring this place.
 F = Levels seen in this place.
 G = Mean time per level.
                   A        B        C        D        E       F      G
               +--------+--------+--------+--------+--------+-----+--------+
         Total |   2817 |   2764 |     53 |    681 |   1686 |   3 |  939.0 |
       Dungeon |   2817 |   2764 |     53 |    681 |   1686 |   3 |  939.0 |
               +--------+--------+--------+--------+--------+-----+--------+

Top non-repeatable levels by time:
     D:1: 1308 daAuts
     D:2: 1113 daAuts
     D:3: 395 daAuts
